Match 38970097
Unlisted

Match 38970097
End
Kradschützen Motorcycle Team
Panzergrenadier Squad
Selects Armored Support Battlegroup
250 Light Carrier
Panzergrenadier Squad
Construct Light Support Kompanie
2.5-tonne Medical Truck
MG34 Team
Panzerjäger Mechanized Group
Combat Half-tracks
Construct Mechanized Kompanie
Selects Veteran Gunners
Selects Superior Fire Drills
254 Reconnaissance Tractor
Panzergrenadier Squad
Selects Flammpanzer III Medium Tank
Flammpanzer III Medium Tank
Veteran Squad Leaders
Construct Panzerarmee Kommand
Lox
Yeknod
BIOHAZARD
Sauzer88
0
0

Comments sign in to comment!

No comments posted yet!